 Dungeon Crawl Stone Soup version 0.28.0-43-g3370ac3207 (webtiles) character file.

Game seed: 3209019156119220933

7264 smarlow the Fighter (level 10, -5/148 HPs)
             Began as a Deep Dwarf Fighter on Mar 15, 2022.
             Was a Believer of Makhleb.
             Killed from afar by a green death (8 damage)
             ... with a bolt of poison
             ... on level 2 of the Abyss.
             The game lasted 00:21:58 (7263 turns).

smarlow the Fighter (Deep Dwarf Fighter)            Turns: 7263, Time: 00:21:59

Health: -5/148     AC: 10    Str: 25      XL:     10   Next: 89%
Magic:  2/2        EV: 10    Int:  7 (8)  God:    Makhleb [**....]
Gold:   220        SH:  6    Dex: 12      Spells: 19/19 levels left

rFire   . . .      SeeInvis .   x - +2 war axe (vorpal)
rCold   x . .      Faith    .   c - +0 buckler
rNeg    . . .      Spirit   .   I - +2 ring mail of the Trees {rElec rPois rC-}
rPois   +          Reflect  .   z - +0 hat
rElec   +          Harm     .   (no cloak)
rCorr   +          Rampage  .   (no gloves)
Will    +....      Rage     3%  (no boots)
Stlth   ..........              a - amulet of the acrobat
HPRegen 0.00/turn               u - ring of resist corrosion
MPRegen 0.08/turn               F - +4 ring of protection

@: brilliant, berserking, lethally poisoned (-5 -> -5), unable to read, very
quick
A: damage resistance, heal wounds, sense surroundings 2, no regeneration,
[berserk 2], [deformed body], [deterioration 2], [low MP 2], [inability to read
while threatened]
a: Heal Wounds, Renounce Religion, Minor Destruction


You were on level 2 of the Abyss.
You worshipped Makhleb.
Makhleb was pleased with you.
You visited 2 branches of the dungeon, and saw 10 of its levels.
You visited the Abyss 1 time.
You also visited: Sewer.

You collected 528 gold pieces.
You spent 308 gold pieces at shops.

Inventory:

Hand Weapons
 x - a +2 vorpal war axe (weapon)
Armour
 c - a +0 buckler (worn)
 z - a +0 hat (worn)
 I - the +2 ring mail of the Trees (worn) {rElec rPois rC-}
   (You bought it in a shop on level 9 of the Dungeon)

   rC:        It makes you vulnerable to cold.
   rElec:     It insulates you from electricity.
   rPois:     It protects you from poison.
Jewellery
 a - an amulet of the acrobat (around neck)
 d - a ring of protection from fire
 u - a ring of resist corrosion (left hand)
 B - a ring of protection from cold
 D - a ring of protection from fire
 F - a +4 ring of protection (right hand)
Wands
 v - a wand of iceblast (9)
 y - a wand of paralysis (9)
 C - a wand of acid (2)
 G - a wand of polymorph (7)
Scrolls
 f - a scroll of torment
 g - a scroll of noise
 i - a scroll of silence {unknown}
 j - 2 scrolls of immolation {unknown}
 k - 2 scrolls of enchant weapon
 q - 3 scrolls of identify
 s - 2 scrolls of teleportation
 A - a scroll of magic mapping {unknown}
 E - a scroll of blinking {unknown}
Potions
 e - 4 potions of curing
 h - 5 potions of degeneration
 l - 5 potions of flight
 m - a potion of attraction
 n - 4 potions of heal wounds
 t - a potion of invisibility
 w - a potion of lignification {unknown}
 H - a potion of haste {unknown}


   Skills:
 * Level 9.2 Fighting
 + Level 7.7 Axes
 + Level 8.3 Armour
 + Level 8.2 Shields
 + Level 5.4 Spellcasting
 + Level 3.6 Evocations


You had 19 spell levels left.
You didn't know any spells.
Your spell library contained the following spells:

 Spells                   Type           Power      Damage    Failure   Level
 Pain                     Necr           8%         1d4       43%         1
 Tukima's Dance           Hex            2%         N/A       82%         3
 Anguish                  Hex/Necr       1%         N/A       99%         4
 Agony                    Necr           2%         N/A       100%        5
 Alistair's Intoxication  Tmut/Pois      1%         N/A       100%        5
 Borgnjor's Vile Clutch   Necr/Erth      1%         N/A       100%        5
 Excruciating Wounds      Necr           1%         N/A       100%        5
 Eringya's Noxious Bog    Tmut/Pois      1%         N/A       100%        6
 Enfeeble                 Hex            1%         N/A       100%        7


Dungeon Overview and Level Annotations

Branches:
Dungeon (9/15)             Temple (1/1) D:6           Sewer (visited)
   Lair: D:8-11         Orc: D:9-12

Altars:
Ashenzari
Cheibriados
Dithmenos
Elyvilon
Fedhas
Gozag
Hepliaklqana
Kikubaaqudgha
Makhleb
Nemelex Xobeh
Okawaru
Qazlal
Ru
Sif Muna
Trog
Uskayaw
Vehumet
Wu Jian
Xom
Yredelemnul
Zin
The Shining One

Shops:
D:2 [   D:3 !?(   D:9 [

Annotations:
D:3 3 runed translucent doors, 2 transporters, PerfectTommy's ghost, amateur NaFE; tizbic2's ghost, amateur FoFi
D:5 1 runed translucent door, Crazy Yiuf
D:9 Erolcha


Innate Abilities, Weirdness & Mutations

You are resistant to damage.
You can heal yourself by infusing magical energy.
You passively map the area around you.
You do not regenerate.
[You often lose your temper in combat.]
[Armour fits poorly on your strangely shaped body.]
[Your body often deteriorates upon taking damage.]
[Your magical capacity is very low. (-20% MP)]
[You sometimes lose the ability to read scrolls when taking damage.]


Message History

You slam into the stone wall!
* * * LOW HITPOINT WARNING * * *
You barely miss the green death. You hit the wretched star.
You slash the smoke demon! You closely miss the wretched star.
The smoke demon gestures at you. The sticky flame hits you.
You are covered in liquid flames!
The green death hits you!
* * * LOW HITPOINT WARNING * * *
You slash the smoke demon!
You kill the smoke demon!
That felt strangely unrewarding.
You slash the wretched star! You slash the green death!
You hit the wretched star.
You are covered in liquid flames!
* * * LOW HITPOINT WARNING * * *
The green death gestures at you. The poison arrow hits you!
You are poisoned.
You partially resist.
* * * LOW HITPOINT WARNING * * *
You hit the green death.
The green death is moderately wounded.
You closely miss the wretched star. You barely miss the wretched star.
You are covered in liquid flames!
* * * LOW HITPOINT WARNING * * *
The ynoxinul gestures.
You block the green death's attack.
You slice the green death!!
The green death is severely wounded.
You slash the wretched star!
You hit the wretched star but do no damage.
You are covered in liquid flames!
You are no longer on fire.
You hit the green death.
The green death is almost dead.
You slash the wretched star! You slash the large abomination!
You slash the wretched star! The green death gestures at you.
The bolt of poison hits you! You resist.
You die...

# ##.# # #
#. .# #.
#..# ## . .
# #.####.#
.####### .
#.#...##..#
##*
#.....####
. .
#..8.......
# ..
#.....## #
#.# #.*X*##
# ###@## #
#2# 53#
.#.# ###.#
... ... .8.


You could see a green death, 2 wretched stars, a large abomination, a ynoxinul
and an ufetubus (summoned).

Vanquished Creatures
  Pikel (D:6)
  A smoke demon (Abyss:2)
  A kobold demonologist (D:9)
  Sigmund (D:3)
  15 yaks
  3 wyverns
  Edmund (D:5)
  3 water moccasins
  An orc warrior (D:6)
  Duvessa (D:4)
  2 black bears
  A necrophage (D:8)
  3 centaurs
  2 ogres
  2 lemures (D:6)
  Blork the orc (D:4)
  3 bullfrogs
  2 gnoll sergeants
  4 kobold brigands
  A wyvern zombie (D:7)
  2 scorpions
  2 water moccasin skeletons
  A water moccasin zombie (D:5)
  Dowan (D:4)
  6 killer bees (D:8)
  2 howler monkeys
  3 wights (D:6)
  A bullfrog zombie (D:5)
  3 centaur zombies (D:6)
  2 hounds
  2 jellies
  A bullfrog skeleton (D:5)
  2 centaur skeletons
  A gnoll shaman (D:8)
  2 orc priests
  2 iguanas
  2 orc wizards
  Natasha (thrice) (D:3)
  Robin (D:3)
  12 gnolls
  A howler monkey skeleton (D:5)
  6 adders
  A river rat (D:4)
  A shadow imp (D:6)
  2 white imps (D:6)
  3 ufetubi
  2 adder skeletons (D:4)
  2 worms
  3 dart slugs
  16 orcs
  5 endoplasms
  4 giant cockroaches
  18 goblins
  10 hobgoblins
  2 jackals (Sewer)
  23 kobolds
  5 quokkas
  11 ball pythons
  9 bats
  4 frilled lizards
  A jackal skeleton (D:4)
  10 rats
239 creatures vanquished.

Vanquished Creatures (others)
  A raiju (Abyss:2)
1 creature vanquished.

Grand Total: 240 creatures vanquished

Notes
Turn   | Place    | Note
-------+----------+-------------------------------------------
     0 | D:1      | smarlow the Deep Dwarf Fighter began the quest for the Orb.
     0 | D:1      | Reached XP level 1. HP: 20/20 MP: 1/1
   120 | D:1      | Reached XP level 2. HP: 27/27 MP: 2/2
   386 | D:1      | Reached skill level 3 in Fighting
   386 | D:1      | Reached XP level 3. HP: 23/34 MP: 2/2
   827 | D:2      | Found Kyshuep's Antique Armour Shoppe.
  1035 | D:2      | Found a hide-covered altar of Uskayaw.
  1258 | D:3      | Found a faded altar of an unknown god.
  1297 | D:3      | Found a runed translucent gate.
  1298 | D:3      | Found a runed translucent gate.
  1298 | D:3      | Found a runed translucent gate.
  1299 | D:3      | Noticed tizbic2's ghost (amateur FoFi)
  1300 | D:3      | Noticed PerfectTommy's ghost (amateur NaFE)
  1346 | D:3      | Found Bamnogiul's Antique Weapon Boutique.
  1354 | D:3      | Reached XP level 4. HP: 39/42 MP: 3/3
  1389 | D:3      | Found a transporter.
  1396 | D:3      | Noticed Natasha
  1400 | D:3      | Killed Natasha
  1401 | D:3      | Reached skill level 1 in Spellcasting
  1431 | D:3      | Noticed Robin
  1448 | D:3      | Killed Robin
  1522 | D:3      | Noticed Natasha
  1529 | D:3      | Killed Natasha
  1530 | D:3      | Reached XP level 5. HP: 34/49 MP: 4/4
  1534 | D:3      | Found Toqibagi's Distillery.
  1542 | D:3      | Bought a potion of heal wounds for 65 gold pieces
  1542 | D:3      | Bought a potion of curing for 39 gold pieces
  1577 | D:3      | Noticed Sigmund
  1597 | D:3      | Killed Sigmund
  1598 | D:3      | Reached skill level 4 in Fighting
  1598 | D:3      | Reached XP level 6. HP: 31/57 MP: 4/6
  1657 | D:3      | Found Guheunac's Magic Scroll Emporium.
  1662 | D:3      | Bought a scroll of teleportation for 33 gold pieces
  1693 | D:3      | Found a transporter.
  1853 | D:3      | Noticed Natasha
  1862 | D:3      | Killed Natasha
  2068 | D:4      | Noticed Dowan
  2069 | D:4      | Noticed Duvessa
  2193 | D:4      | Noticed Blork the orc
  2231 | D:4      | Killed Blork the orc
  2304 | D:4      | Found a glowing drain.
  2308 | Sewer    | Entered a sewer
  2397 | Sewer    | Reached XP level 7. HP: 53/66 MP: 8/8
  2443 | Sewer    | Found a white marble altar of Elyvilon.
  2495 | D:4      | Reached skill level 5 in Armour
  2506 | D:4      | Reached skill level 5 in Fighting
  2506 | D:4      | Reached skill level 5 in Shields
  2509 | D:4      | Noticed a yak
  2510 | D:4      | Noticed a yak
  2510 | D:4      | Noticed a yak
  2510 | D:4      | Noticed a yak
  2514 | D:4      | Noticed a yak
  2546 | D:4      | Killed Dowan
  2561 | D:4      | Killed Duvessa
  2665 | D:4      | Noticed a yak
  2694 | D:5      | Entered Level 5 of the Dungeon
  2819 | D:5      | Reached XP level 8. HP: 53/75 MP: 10/10
  2835 | D:5      | Found a runed translucent door.
  2836 | D:5      | Noticed Crazy Yiuf
  3013 | D:5      | Noticed Edmund
  3037 | D:5      | Killed Edmund
  3038 | D:5      | Reached skill level 5 in Axes
  3118 | D:5      | Reached skill level 6 in Fighting
  3521 | D:6      | Gained mutation: You passively map the area around you.
                  | [Deep Dwarf growth]
  3521 | D:6      | Reached XP level 9. HP: 70/85 MP: 10/10
  3538 | D:6      | Found a staircase to the Ecumenical Temple.
  3547 | Temple   | Entered the Ecumenical Temple
  3888 | Temple   | Became a worshipper of Makhleb the Destroyer
  3994 | D:6      | Noticed Pikel
  4013 | D:6      | Killed Pikel
  4014 | D:6      | Reached skill level 7 in Fighting
  4408 | D:6      | Reached * piety under Makhleb
  4863 | D:7      | Noticed a two-headed ogre
  5090 | D:7      | Found an opulent altar of Gozag.
  5181 | D:7      | Reached skill level 8 in Fighting
  5556 | D:8      | Reached XP level 10. HP: 60/96 MP: 8/8
  5647 | D:8      | Reached ** piety under Makhleb
  5881 | D:8      | Reached skill level 1 in Evocations
  5888 | D:8      | Reached skill level 5 in Spellcasting
  6452 | D:4      | Reached skill level 9 in Fighting
  6964 | D:9      | Found Zeil's Antique Armour Shop.
  6970 | D:9      | Bought a slimy ring mail for 171 gold pieces
  6970 | D:9      | Identified the +2 ring mail of the Trees {rElec rPois rC-}
                  | (You bought it in a shop on level 9 of the Dungeon)
  7037 | D:9      | Noticed Erolcha
  7051 | D:9      | Noticed a two-headed ogre
  7060 | D:9      | Cast into level 1 of the Abyss (Erolcha)
  7101 | Abyss:1  | Found a large runed translucent door.
  7101 | Abyss:1  | Found a large runed translucent door.
  7160 | Abyss:2  | Noticed a wretched star
  7172 | Abyss:2  | Noticed a death drake
  7172 | Abyss:2  | Noticed a wretched star
  7233 | Abyss:2  | Noticed a black draconian knight
  7247 | Abyss:2  | Noticed a smoke demon
  7256 | Abyss:2  | Noticed a green death
  7260 | Abyss:2  | Killed a smoke demon
  7260 | Abyss:2  | HP: 4/148 [green death/poison arrow (13)]
  7263 | Abyss:2  | Killed from afar by a green death

Illustrated notes

Levels and vault maps discovered:
D:1:      eino_arrival_water_cross, layout_basic, minmay_domino_4
D:2:      layout_loops_ring, serial_shops, shop_statue, basic_altar,
          minmay_misc_feat_hallway
D:3:      gammafunk_wand_slinger, layout_loops_ring, basic_ecumenical_altar,
          gammafunk_ghost_cemetery, serial_shops, shop,
          nicolae_shop_temple_entry_statues_fountains, shop, uniq_sigmund,
          uniq_natasha, uniq_robin
D:4:      layout_rooms, gup_sewer_entry_bowl, minmay_circle_x,
          uniq_blork_the_orc, uniq_duvessa
D:5:      layout_basic, minmay_fractal_squares_gapless_5,
          uniq_crazy_yiuf_cottage, uniq_edmund
D:6:      minmay_octagon_keep, layout_loops_ring, minmay_temple_entry_grid,
          uniq_pikel
D:7:      layout_gridville, grunt_gozag_statues, lightli_corner_chamber
D:8:      layout_loops_corners
D:9:      layout_small_grid, orc_0_dummy, serial_shops, nicolae_shop_stone,
          uniq_erolcha
Temple:   mainiacjoe_temple_circle_huts
Abyss:2:  base: D:6, lemuel_firewalk_3

Skill      XL: |  1  2  3  4  5  6  7  8  9 10 |
---------------+-------------------------------+-----
Fighting       | 3 4 5 6 8 9 |  9.2
Axes           | 3 4 5 6 7 |  7.7
Spellcasting   | 1 2 3 4 5 |  5.4
Armour         | 4 5 6 7 8 |  8.3
Shields        | 4 5 6 7 8 |  8.2
Evocations     | 3 |  3.6

Action                   |  1- 3 |  4- 6 |  7- 9 | 10-12 || total
-------------------------+-------+-------+-------+-------++-------
Melee: War axe           |   146 |   140 |   407 |   166 ||   859
 Abil: Heal Wounds       |     2 |     8 |    27 |    26 ||    63
  Use: Scroll            |       |     5 |     4 |       ||     9
       Potion            |       |     1 |     1 |     3 ||     5
Armor: Scale mail        |    93 |    53 |    77 |       ||   223
       Leather armour    |       |       |   109 |    47 ||   156
       Ring mail         |       |       |       |    18 ||    18
Dodge: Dodged            |    78 |    58 |   254 |   137 ||   527
Block: Buckler           |    25 |    26 |   153 |    61 ||   265
